TOP OF THE 1ST |
Las Vegas 51s batting - Pitching for Louisville Bats : RHP Hideki Kobayashi
|
Pitching: RHP Hideki Kobayashi
|
|
Batting: LHB Jose Chavez
|
0-0: Ball 1-0: Ball 2-0: Swinging Strike 2-1: Swinging Strike 2-2: Strikes out swinging
|
Batting: SHB Jason Evans
|
0-0: Ball 1-0: Called Strike 1-1: Swinging Strike 1-2: Foul Ball, location: 2F 1-2: Ball 2-2: Strikes out looking
|
Batting: RHB Billy Walker
|
0-0: Ball 1-0: Called Strike 1-1: Foul Ball, location: 2F 1-2: Strikes out swinging
|
Top of the 1st over - 0 runs, 0 hits, 0 errors, 0 left on base; Las Vegas 0 - Louisville 0 |
BOTTOM OF THE 1ST |
Louisville Bats batting - Pitching for Las Vegas 51s : RHP Bryan Dorne
|
Pitching: RHP Bryan Dorne
|
|
Batting: RHB Solange Le Coq
|
0-0: Bunted foul 0-1: Ball 1-1: Ball 2-1: Ball 3-1: Base on Balls
|
Batting: SHB Paul Sandoval
|
0-0: Called Strike 0-1: Ball Solange Le Coq steals 2nd base 1-1: Foul Ball, location: 2F 1-2: Foul Ball, location: 2F 1-2: Ball 2-2: Fly out, F8 (Flyball, 8RD, EV 90.0 MPH) Runner from 2nd tags up, SAFE at 3rd with throw by CF
|
Batting: RHB Chase Briney
|
0-0: Swinging Strike 0-1: Swinging Strike 0-2: Ball 1-2: Foul Ball, location: 2F 1-2: Fly out, F7 (Flyball, 7D, EV 96.2 MPH) Runner from 3rd tags up, SCORES, no throw by LF
|
Batting: SHB Freddie Farrar
|
0-0: Called Strike 0-1: Ball 1-1: Ground out 3-1 (Groundball, 34, EV 106.2 MPH)
|
Bottom of the 1st over - 1 run, 0 hits, 0 errors, 0 left on base; Las Vegas 0 - Louisville 1 |
TOP OF THE 2ND |
Las Vegas 51s batting - Pitching for Louisville Bats : RHP Hideki Kobayashi
|
Batting: LHB Adam Hairston
|
0-0: Foul Ball, location: 2F 0-1: Ball 1-1: Ball 2-1: Foul Ball, location: 2F 2-2: Foul Ball, location: 2F 2-2: Ball 3-2: Fly out, F8 (Line Drive, 8LD, EV 104.4 MPH)
|
Batting: RHB Bobby Coulombe
|
0-0: Foul Ball, location: 2F 0-1: Ground out 5-3 (Groundball, 56S, EV 81.2 MPH)
|
Batting: RHB Larry Shoop
|
0-0: Ball 1-0: Ball 2-0: Swinging Strike 2-1: Swinging Strike 2-2: Strikes out looking
|
Top of the 2nd over - 0 runs, 0 hits, 0 errors, 0 left on base; Las Vegas 0 - Louisville 1 |
BOTTOM OF THE 2ND |
Louisville Bats batting - Pitching for Las Vegas 51s : RHP Bryan Dorne
|
Batting: RHB Stephen Charbonneau
|
0-0: Ball 1-0: Fly out, F7 (Line Drive, 78M, EV 103.1 MPH)
|
Batting: LHB David Cruz
|
0-0: Called Strike 0-1: Called Strike 0-2: Foul Ball, location: 2F 0-2: Ball 1-2: Foul Ball, location: 2F 1-2: Ball 2-2: Foul Ball, location: 2F 2-2: Ball 3-2: Ground out 5-3 (Groundball, 5, EV 82.5 MPH)
|
Batting: LHB Manny Ruvalcaba
|
0-0: Called Strike 0-1: Swinging Strike 0-2: Foul Ball, location: 2F 0-2: Ball 1-2: Strikes out swinging
|
Bottom of the 2nd over - 0 runs, 0 hits, 0 errors, 0 left on base; Las Vegas 0 - Louisville 1 |
TOP OF THE 3RD |
Las Vegas 51s batting - Pitching for Louisville Bats : RHP Hideki Kobayashi
|
Batting: RHB Bobby Mabrey
|
0-0: Foul Ball, location: 2F 0-1: Ball 1-1: Ball 2-1: Foul Ball, location: 2F 2-2: Ball 3-2: Fly out, F9 (Flyball, 89M, EV 81.9 MPH)
|
Batting: RHB David Stayton
|
0-0: Ball 1-0: Fly out, F7 (Flyball, 7S, EV 88.8 MPH)
|
Batting: RHB Gang-sheng Chew
|
0-0: Ball 1-0: SINGLE (Groundball, 6MD, EV 101.2 MPH)
|
Batting: LHB Jose Chavez
|
0-0: Ball 1-0: Swinging Strike 1-1: Ball Balk! Gang-sheng Chew to second 2-1: Foul Ball, location: 2F 2-2: Foul Ball, location: 2F 2-2: Foul Ball, location: 2F 2-2: Strikes out swinging
|
Top of the 3rd over - 0 runs, 1 hit, 0 errors, 1 left on base; Las Vegas 0 - Louisville 1 |
BOTTOM OF THE 3RD |
Louisville Bats batting - Pitching for Las Vegas 51s : RHP Bryan Dorne
|
Batting: RHB Chris Zamora
|
0-0: Called Strike 0-1: Ball 1-1: Ball 2-1: Called Strike 2-2: Foul Ball, location: 2F 2-2: Strikes out swinging
|
Batting: RHB Steve Anderson
|
0-0: Ball 1-0: Foul Ball, location: 2F 1-1: Foul Ball, location: 2F 1-2: Strikes out swinging
|
Batting: RHB Solange Le Coq
|
0-0: Ball 1-0: Foul Ball, location: 2F 1-1: SINGLE (Groundball, 6M, EV 101.9 MPH) (infield hit)
|
Batting: SHB Paul Sandoval
|
0-0: Ball 1-0: Ball 2-0: Swinging Strike 2-1: Ball 3-1: Called Strike 3-2: Base on Balls Solange Le Coq to second
|
Batting: RHB Chase Briney
|
0-0: Ball 1-0: SINGLE (Groundball, 15S, EV 69.4 MPH) (infield hit) Solange Le Coq to third Paul Sandoval to second
|
Batting: SHB Freddie Farrar
|
0-0: Called Strike 0-1: GRAND SLAM HOME RUN (Flyball, 7LD, EV 99.4 MPH), Distance : 355 ft
|
Pitching: LHP Zachary DeVault
|
|
Batting: RHB Stephen Charbonneau
|
0-0: Called Strike 0-1: Ground out 5-3 (Groundball, 56S, EV 66.9 MPH)
|
Bottom of the 3rd over - 4 runs, 3 hits, 0 errors, 0 left on base; Las Vegas 0 - Louisville 5 |
TOP OF THE 4TH |
Las Vegas 51s batting - Pitching for Louisville Bats : RHP Hideki Kobayashi
|
Batting: SHB Jason Evans
|
0-0: Ball 1-0: Ground out 4-3 (Groundball, 4, EV 86.9 MPH)
|
Batting: RHB Billy Walker
|
0-0: Fly out, F7 (Flyball, 78M, EV 82.5 MPH)
|
Batting: LHB Adam Hairston
|
0-0: Ball 1-0: Foul Ball, location: 2F 1-1: Ball 2-1: Ball 3-1: Ground out 6-3 (Groundball, 6, EV 101.9 MPH)
|
Top of the 4th over - 0 runs, 0 hits, 0 errors, 0 left on base; Las Vegas 0 - Louisville 5 |
BOTTOM OF THE 4TH |
Louisville Bats batting - Pitching for Las Vegas 51s : LHP Zachary DeVault
|
Batting: LHB David Cruz
|
0-0: Ball 1-0: SOLO HOME RUN (Flyball, 8RXD, EV 109.4 MPH), Distance : 416 ft
|
Batting: LHB Manny Ruvalcaba
|
0-0: Ball 1-0: Called Strike 1-1: Foul Ball, location: 2F 1-2: SINGLE (Line Drive, 6MD, EV 96.9 MPH)
|
Batting: RHB Chris Zamora
|
0-0: Called Strike 0-1: Ball 1-1: Called Strike 1-2: Ball 2-2: Grounds into double play, 6-4-3 (Groundball, 6, EV 85.0 MPH)
|
Batting: RHB Steve Anderson
|
0-0: Ball 1-0: SOLO HOME RUN (Flyball, 9LD, EV 97.5 MPH), Distance : 347 ft
|
Batting: RHB Solange Le Coq
|
0-0: SOLO HOME RUN (Flyball, 7D, EV 95.0 MPH), Distance : 367 ft
|
Batting: SHB Paul Sandoval
|
0-0: Called Strike 0-1: Ball 1-1: Ball 2-1: Ball 3-1: Base on Balls
|
Batting: RHB Chase Briney
|
0-0: Ball 1-0: Called Strike 1-1: Swinging Strike 1-2: Foul Ball, location: 2F 1-2: Strikes out looking
|
Bottom of the 4th over - 3 runs, 4 hits, 0 errors, 1 left on base; Las Vegas 0 - Louisville 8 |
TOP OF THE 5TH |
Las Vegas 51s batting - Pitching for Louisville Bats : RHP Hideki Kobayashi
|
Batting: RHB Bobby Coulombe
|
0-0: Ball 1-0: Ground out 5-3 (Groundball, 56, EV 86.2 MPH)
|
Batting: RHB Larry Shoop
|
0-0: Called Strike 0-1: Ball 1-1: Foul Ball, location: 2F 1-2: Ball 2-2: SINGLE (Line Drive, 4MD, EV 106.2 MPH)
|
Batting: RHB Bobby Mabrey
|
0-0: Ball 1-0: Called Strike 1-1: Called Strike Larry Shoop steals 2nd base 1-2: Foul Ball, location: 2F 1-2: Ball 2-2: Ball 3-2: Foul Ball, location: 2F 3-2: 2-RUN HOME RUN (Flyball, 9D, EV 93.1 MPH), Distance : 368 ft
|
Batting: RHB David Stayton
|
0-0: Ball 1-0: Ball 2-0: Called Strike 2-1: SINGLE (Groundball, 56S, EV 67.5 MPH) (infield hit)
|
Batting: RHB Gang-sheng Chew
|
0-0: Ball 1-0: Called Strike 1-1: Foul Ball, location: 2F 1-2: Grounds into double play, 5-4-3 (Groundball, 5, EV 108.8 MPH)
|
Top of the 5th over - 2 runs, 3 hits, 0 errors, 0 left on base; Las Vegas 2 - Louisville 8 |
BOTTOM OF THE 5TH |
Louisville Bats batting - Pitching for Las Vegas 51s : LHP Zachary DeVault
|
Batting: SHB Freddie Farrar
|
0-0: Fly out, F8 (Flyball, 8RD, EV 93.1 MPH)
|
Batting: RHB Stephen Charbonneau
|
0-0: Fly out, F7 (Flyball, 7LM, EV 90.6 MPH)
|
Batting: LHB David Cruz
|
0-0: Ground out 4-3 (Groundball, 4M, EV 85.6 MPH)
|
Bottom of the 5th over - 0 runs, 0 hits, 0 errors, 0 left on base; Las Vegas 2 - Louisville 8 |
TOP OF THE 6TH |
Las Vegas 51s batting - Pitching for Louisville Bats : RHP Hideki Kobayashi
|
Batting: LHB Jose Chavez
|
0-0: Foul Ball, location: 2F 0-1: Ground out U3 (Groundball, 3L, EV 86.2 MPH)
|
Batting: SHB Jason Evans
|
0-0: Foul Ball, location: 2F 0-1: SINGLE (Groundball, 56S, EV 68.1 MPH) (infield hit)
|
Batting: RHB Billy Walker
|
0-0: Called Strike 0-1: Foul Ball, location: 2F 0-2: Ball 1-2: Ball 2-2: SINGLE (Line Drive, 3D, EV 95.0 MPH) Jason Evans to second Runner from 2nd tries for 3rd, OUT! 9-5
|
Batting: LHB Adam Hairston
|
0-0: Foul Ball, location: 2F 0-1: Ball 1-1: Ball 2-1: Reached on error, E6 (Groundball, 6, EV 108.1 MPH) Billy Walker to second
|
Batting: RHB Bobby Coulombe
|
0-0: Called Strike 0-1: Foul Ball, location: 2F 0-2: Foul Ball, location: 2F 0-2: Ball 1-2: Ball 2-2: Ground out 5-3 (Groundball, 56S, EV 68.1 MPH)
|
Top of the 6th over - 0 runs, 2 hits, 1 error, 2 left on base; Las Vegas 2 - Louisville 8 |
BOTTOM OF THE 6TH |
Louisville Bats batting - Pitching for Las Vegas 51s : LHP Zachary DeVault
|
Batting: LHB Manny Ruvalcaba
|
0-0: Called Strike 0-1: Foul Ball, location: 2F 0-2: Foul Ball, location: 2F 0-2: Ball 1-2: Ball 2-2: Ground out U3 (Groundball, 3, EV 90.0 MPH)
|
Batting: RHB Chris Zamora
|
0-0: Ball 1-0: Ground out 5-3 (Groundball, 5S, EV 92.5 MPH)
|
Batting: RHB Steve Anderson
|
0-0: Ball 1-0: Ball 2-0: Called Strike 2-1: Foul Ball, location: 2F 2-2: Ball 3-2: Base on Balls
|
Batting: RHB Solange Le Coq
|
0-0: Ball 1-0: Ball 2-0: Fly out, F8 (Flyball, 8RXD, EV 110.0 MPH)
|
Bottom of the 6th over - 0 runs, 0 hits, 0 errors, 1 left on base; Las Vegas 2 - Louisville 8 |
TOP OF THE 7TH |
Las Vegas 51s batting - Pitching for Louisville Bats : RHP Hideki Kobayashi
|
Pitching: LHP Zach Masengill
|
|
Batting: RHB Larry Shoop
|
0-0: Foul Ball, location: 2F 0-1: Ball 1-1: Ball 2-1: Swinging Strike 2-2: Foul Ball, location: 2F 2-2: Strikes out looking
|
Batting: RHB Bobby Mabrey
|
0-0: Ball 1-0: Called Strike 1-1: Ball 2-1: Foul Ball, location: 2F 2-2: Ground out 5-3 (Groundball, 56, EV 101.9 MPH)
|
Batting: RHB David Stayton
|
0-0: Swinging Strike 0-1: Swinging Strike 0-2: Hit by Pitch
|
Batting: RHB Gang-sheng Chew
|
0-0: Ball 1-0: Ball 2-0: Ball 3-0: Base on Balls David Stayton to second
|
Batting: LHB Jose Chavez
|
0-0: Called Strike 0-1: Ball 1-1: Foul Ball, location: 2F 1-2: Ball 2-2: Foul Ball, location: 2F 2-2: Foul Ball, location: 2F 2-2: Fielders Choice at 2nd, U6 (Groundball, 6M, EV 76.2 MPH)
|
Top of the 7th over - 0 runs, 0 hits, 0 errors, 2 left on base; Las Vegas 2 - Louisville 8 |
BOTTOM OF THE 7TH |
Louisville Bats batting - Pitching for Las Vegas 51s : LHP Zachary DeVault
|
Batting: SHB Paul Sandoval
|
0-0: Ball 1-0: SINGLE (Line Drive, 4M, EV 95.0 MPH)
|
Pitching: LHP Steve Kelly
|
|
Batting: RHB Chase Briney
|
0-0: Ball 1-0: Ball 2-0: Foul Ball, location: 2F 2-1: Foul Ball, location: 2F 2-2: Strikes out looking
|
Batting: SHB Freddie Farrar
|
0-0: Called Strike 0-1: Ball 1-1: Called Strike 1-2: Foul Ball, location: 2F 1-2: Ball 2-2: Ball 3-2: Base on Balls Paul Sandoval to second
|
Batting: RHB Stephen Charbonneau
|
0-0: Called Strike 0-1: Called Strike 0-2: Grounds into double play, 6-4-3 (Groundball, 6, EV 112.5 MPH)
|
Bottom of the 7th over - 0 runs, 1 hit, 0 errors, 1 left on base; Las Vegas 2 - Louisville 8 |
TOP OF THE 8TH |
Las Vegas 51s batting - Pitching for Louisville Bats : LHP Zach Masengill
|
Batting: SHB Jason Evans
|
0-0: Foul Ball, location: 2F 0-1: Ground out 5-3 (Groundball, 5, EV 87.5 MPH)
|
Batting: RHB Billy Walker
|
0-0: Called Strike 0-1: Swinging Strike 0-2: Ball 1-2: Strikes out swinging
|
Batting: LHB Adam Hairston
|
0-0: Foul Ball, location: 2F 0-1: Called Strike 0-2: Ball 1-2: SINGLE (Groundball, 25, EV 74.4 MPH) (infield hit)
|
Batting: RHB Bobby Coulombe
|
0-0: Foul Ball, location: 2F 0-1: Fly out, F9 (Flyball, 9, EV 88.8 MPH)
|
Top of the 8th over - 0 runs, 1 hit, 0 errors, 1 left on base; Las Vegas 2 - Louisville 8 |
BOTTOM OF THE 8TH |
Louisville Bats batting - Pitching for Las Vegas 51s : LHP Steve Kelly
|
Batting: LHB David Cruz
|
0-0: Called Strike 0-1: Fly out, F7 (Line Drive, 78D, EV 100.0 MPH)
|
Batting: LHB Manny Ruvalcaba
|
0-0: Called Strike 0-1: Swinging Strike 0-2: Ball 1-2: Foul Ball, location: 2F 1-2: Strikes out swinging
|
Batting: RHB Chris Zamora
|
0-0: Called Strike 0-1: Ball 1-1: Called Strike 1-2: Ball 2-2: Ground out 5-3 (Groundball, 56, EV 106.9 MPH)
|
Bottom of the 8th over - 0 runs, 0 hits, 0 errors, 0 left on base; Las Vegas 2 - Louisville 8 |
TOP OF THE 9TH |
Las Vegas 51s batting - Pitching for Louisville Bats : LHP Zach Masengill
|
Pitching: RHP André Gaillard
|
|
Batting: RHB Larry Shoop
|
0-0: Called Strike 0-1: Foul Ball, location: 2F 0-2: Ball 1-2: Foul Ball, location: 2F 1-2: Ball 2-2: Foul Ball, location: 2F 2-2: Ball 3-2: Strikes out looking
|
Batting: RHB Bobby Mabrey
|
0-0: Ball 1-0: Called Strike 1-1: Ground out 3-1 (Groundball, 34, EV 104.4 MPH)
|
Batting: RHB David Stayton
|
0-0: Ball 1-0: Foul Ball, location: 2F 1-1: Called Strike 1-2: Strikes out swinging
|
Top of the 9th over - 0 runs, 0 hits, 0 errors, 0 left on base; Las Vegas 2 - Louisville 8 |
|